 Dungeon Crawl Stone Soup version 0.29-a0-334-gb41bcbb86e (webtiles) character file.

Game seed: 9334636141576360833

351 Dauddaud the Insei (level 6, -7/43 HPs)
             Began as a Merfolk Transmuter on Apr 14, 2022.
             Was a Believer of Jiyva.
             Mangled by an ogre
             ... wielding a +0 giant club
              (28 damage)
             ... on level 4 of the Dungeon.
             The game lasted 00:16:53 (4006 turns).

Dauddaud the Insei (Merfolk Transmuter)             Turns: 4006, Time: 00:16:54

Health: -7/43      AC:  5    Str: 11    XL:     6   Next: 61%
Magic:  9/9        EV: 12    Int: 12    God:    Jiyva [**....]
Gold:   195        SH:  0    Dex: 16    Spells: 7/10 levels left

rFire   . . .      SeeInvis .     - Unarmed
rCold   . . .      Faith    .   (no shield)
rNeg    . . .      Spirit   .   d - +0 ring mail
rPois   .          Reflect  .   (no helmet)
rElec   .          Harm     .   (no cloak)
rCorr   +          Rampage  .   (no gloves)
Will    .....                   (no boots)
Stlth   +.........              (no amulet)
HPRegen 1.10/turn               (no ring)
MPRegen 0.41/turn               (no ring)

@: no status effects
A: (nimble swimmer 2), mertail
a: Renounce Religion


You were on level 4 of the Dungeon.
You worshipped Jiyva.
Jiyva was pleased with you.
You visited 1 branch of the dungeon, and saw 4 of its levels.

You collected 195 gold pieces.

Inventory:

Hand Weapons
 c - a +0 club
 e - a +0 short sword
 p - the +4 dagger of Quorch {speed, *Noise Will+ Dex+3 Stlth+}
   (You took it off a goblin on level 2 of the Dungeon)

   Attacks with this weapon are significantly faster.
   Dex:       It affects your dexterity (+3).
   *Noise:    It may make noises in combat.
   Will:      It increases your willpower.
   Stlth:     It makes you more stealthy.
Missiles
 o - 2 silver javelins (quivered)
Armour
 a - a +0 robe
 d - a +0 ring mail (worn)
 l - a +1 leather armour of cold resistance
 s - a +0 chain mail
 t - the +0 scale mail of Boiling Hail {rF+ rCorr Str-4 Stlth+}
   (You found it on level 2 of the Dungeon)

   Str:       It affects your strength (-4).
   rF:        It protects you from fire.
   rCorr:     It protects you from acid and corrosion.
   Stlth:     It makes you more stealthy.
Jewellery
 n - a ring of fire
Wands
 w - a wand of mindburst (15)
Scrolls
 g - a scroll of vulnerability
 j - a scroll of fog {unknown}
 k - 2 scrolls of enchant weapon {unknown}
 q - a scroll of enchant armour {unknown}
 v - a scroll of amnesia {unknown}
 z - a scroll of blinking {unknown}
Potions
 b - 2 potions of heal wounds {unknown}
 f - 3 potions of attraction
 h - 2 potions of resistance
 i - a potion of ambrosia {unknown}
 m - 2 potions of haste {unknown}
 r - a potion of cancellation {unknown}
 u - a potion of brilliance {unknown}
 x - a potion of flight {unknown}
 A - 2 potions of lignification


   Skills:
 - Level 1.2 Fighting
 - Level 0.2 Short Blades
 + Level 1.4 Armour
 + Level 4.1 Dodging
 * Level 5.8 Unarmed Combat
 + Level 2.5 Spellcasting
 * Level 4.3 Transmutations


You had 7 spell levels left.
You knew the following spells:

 Your Spells              Type           Power      Damage    Failure   Level
a - Beastly Appendage     Tmut           24%        N/A       10%         1
b - Wereblood             Tmut           12%        N/A       16%         2

Your spell library contained the following spells:

 Spells                   Type           Power      Damage    Failure   Level
 Spider Form              Tmut/Pois      6%         N/A       58%         3
 Ignite Poison            Fire/Tmut/Pois 5%         N/A       69%         3
 Conjure Flame            Conj/Fire      1%         6-21      88%         3
 Ice Form                 Ice/Tmut       6%         N/A       94%         4
 Sticky Flame             Conj/Fire      1%         2d3       99%         4


Dungeon Overview and Level Annotations

Branches:
Dungeon (4/15)
 Temple: D:4-7

Altars:
Jiyva


Innate Abilities, Weirdness & Mutations

((You are very nimble when in or above water. (Stealth+, EV+, Speed+++)))
Your lower body shifts to a powerful aquatic tail in water.


Message History

You hit the gnoll.
The gnoll is severely wounded.
The gnoll closely misses you. The gnoll barely misses you. x2
You punch the gnoll!
You feel a bit better.
You kill the gnoll!
The gnoll hits you from afar with a +0 spear.
The gnoll barely misses you.
You punch the ogre!
The ogre is moderately wounded.
The gnoll hits you from afar with a +0 spear.
The ogre hits you with a +0 giant club!
* * * LOW HITPOINT WARNING * * *
The gnoll closely misses you.
You hit the ogre.
The ogre is moderately wounded.
The gnoll barely misses you.
The gnoll hits you from afar with a +2 antimagic spear.
* * * LOW HITPOINT WARNING * * *
You feel your power leaking away.
As you read the scroll labelled JELANL QALEN, it crumbles to dust.
Your body is wracked with pain!
* * * LOW HITPOINT WARNING * * *
The ogre convulses!
The gnoll convulses! x2; It was a scroll of torment.
The ogre barely misses you. The gnoll closely misses you. The gnoll misses you.
The ogre attacks as you move away! The ogre closely misses you.
Your primal bloodlust is almost over.
Found 2 potions of lignification.
Found a leather armour.
Found a cloak.
Jiyva gurgles merrily.
You howl as the wereblood boils in your veins!
Your primal bloodlust has ended.
You see here 2 potions of lignification.
A - 2 potions of lignification
Found a stone staircase leading down.
The ogre attacks as you move away! The ogre barely misses you.
The ogre attacks as you move away!
The ogre hits you with a +0 giant club!!
Ouch! That really hurt!
You die...

#........ .............
#..).....
..............##........
........... ...........
..........# #.#........
..........# #.#........
..........####.#..#.#.##
#>......................
#......@O...............
##...##........#....#.#.
#. #[.g.....######.#.
#....g...######.#.
#.................
######...#######..
...........g..)..
........#######..
.......[....####..


You could see an ogre and 2 gnolls.

Vanquished Creatures
  An orc warrior (D:3)
  A phantom (D:3)
  A scorpion (D:4)
  Jessica (D:2)
  An orc wizard (D:3)
  A gnoll (D:4)
  2 adders
  2 dart slugs (D:2)
  2 orcs (D:3)
  3 bats (D:1)
  3 endoplasms
  6 giant cockroaches
  13 goblins
  7 hobgoblins
  5 jackals
  7 kobolds
  3 quokkas
  5 ball pythons
  2 frilled lizards
  5 rats
71 creatures vanquished.

Vanquished Creatures (others)
  3 jellies (D:3)
  A dart slug (D:3)
  3 orcs (D:3)
  3 endoplasms (D:3)
  2 giant cockroaches (D:3)
  2 goblins (D:3)
  A hobgoblin (D:3)
  A kobold (D:3)
  4 bats (D:3)
  2 rats (D:3)
22 creatures vanquished.

Grand Total: 93 creatures vanquished

Notes
Turn   | Place    | Note
-------+----------+-------------------------------------------
     0 | D:1      | Dauddaud the Merfolk Transmuter began the quest for the
                  | Orb.
     0 | D:1      | Reached XP level 1. HP: 15/15 MP: 3/3
   220 | D:1      | Reached XP level 2. HP: 16/21 MP: 5/5
   612 | D:1      | Learned a level 2 spell: Wereblood
  1025 | D:1      | Reached XP level 3. HP: 24/26 MP: 3/6
  1868 | D:2      | Identified the +4 dagger of Quorch {speed, *Noise Will+
                  | Dex+3 Stlth+}
  2338 | D:2      | Reached XP level 4. HP: 32/32 MP: 7/7
  2428 | D:2      | Noticed Jessica
  2431 | D:2      | Killed Jessica
  2432 | D:2      | Reached skill level 4 in Unarmed Combat
  2501 | D:2      | Identified the +0 scale mail of Boiling Hail {rF+ rCorr
                  | Str-4 Stlth+}
  2639 | D:2      | Found a faded altar of an unknown god.
  2691 | D:2      | Prayed at the altar of an unknown god.
  2691 | D:2      | Became a worshipper of Jiyva Jiemn the Shapeless
  2691 | D:2      | Reached * piety under Jiyva
  3041 | D:3      | Noticed a phantom
  3056 | D:3      | Killed a phantom
  3057 | D:3      | Reached XP level 5. HP: 37/37 MP: 8/8
  3098 | D:3      | Reached skill level 5 in Unarmed Combat
  3376 | D:3      | Noticed an orc warrior
  3388 | D:3      | Killed an orc warrior
  3389 | D:3      | Reached skill level 1 in Armour
  3389 | D:3      | Reached XP level 6. HP: 16/43 MP: 9/9
  3535 | D:3      | Reached ** piety under Jiyva
  4006 | D:4      | Mangled by an ogre

Illustrated notes

Levels and vault maps discovered:
D:1:      ebering_trefoil_3fold, layout_loops_corners, dk_noncrumbling_3,
          minmay_bisected
D:2:      layout_loops_cross, basic_ecumenical_altar, minmay_pentomino_r2,
          uniq_jessica
D:3:      layout_loops_ring, minmay_pentangle
D:4:      layout_basic, mainiacjoe_overflow_alcove_4,
          gammafunk_temple_overflow_statue, minmay_temple_entry_mist,
          serial_shops, nicolae_shop_hallway_plus

Skill      XL: |  1  2  3  4  5 |
---------------+----------------+-----
Dodging        | 3 4 |  4.1
Transmutations | 3 4 |  4.3
Unarmed Combat | 4 5 |  5.8
Armour         | 1 |  1.4
Fighting       | |  1.2
Short Blades   | |  0.2
Spellcasting   | |  2.5

Action                   |  1- 3 |  4- 6 || total
-------------------------+-------+-------++-------
Melee: Unarmed           |   104 |   110 ||   214
       Club              |     3 |       ||     3
       Headbutt          |    13 |     3 ||    16
       Short sword       |    17 |       ||    17
       Punch             |     3 |     6 ||     9
 Cast: Beastly Appendage |    22 |     3 ||    25
       Wereblood         |     3 |     5 ||     8
  Use: Scroll            |     3 |     1 ||     4
       Potion            |     1 |     1 ||     2
Armor: Robe              |     6 |       ||     6
       Leather armour    |     7 |       ||     7
       Ring mail         |    22 |    25 ||    47
       Skin              |    20 |     8 ||    28
Dodge: Dodged            |    66 |    83 ||   149

Table legend: (Time is in decaauts)
 A = Elapsed time spent in this place.
 B = Non-inter-level travel time spent in this place.
 C = Inter-level travel time spent in this place.
 D = Time resting spent in this place.
 E = Time spent auto-exploring this place.
 F = Levels seen in this place.
 G = Mean time per level.
                   A        B        C        D        E       F      G
               +--------+--------+--------+--------+--------+-----+--------+
         Total |   3988 |   3882 |    106 |    807 |   2376 |   4 |  997.0 |
       Dungeon |   3988 |   3882 |    106 |    807 |   2376 |   4 |  997.0 |
               +--------+--------+--------+--------+--------+-----+--------+

Top non-repeatable levels by time:
     D:1: 1488 daAuts
     D:2: 1366 daAuts
     D:3: 909 daAuts
     D:4: 223 daAuts
